 Dungeon Crawl Stone Soup version 0.26.0-20-g3ca415f5b8 (webtiles) character file.

Game seed: 6363166564686819680

189 kaeus the Firebug (level 5, -1/28 HPs)
             Began as a Gargoyle Fire Elementalist on Jan 25, 2021.
             Slain by Sigmund
             ... wielding a +0 scythe of protection
              (8 damage)
             ... on level 3 of the Dungeon.
             The game lasted 00:03:46 (4116 turns).

kaeus the Firebug (Gargoyle Fire Elementalist)      Turns: 4116, Time: 00:03:47

Health: -1/28      AC: 10    Str: 12    XL:     5   Next: 68%
Magic:  7/9        EV: 11    Int: 16    God:
Gold:   209        SH:  0    Dex: 10    Spells: 8/9 levels left

rFire    . . .     SeeInvis .   j - +3 short sword (flame)
rCold    . . .     Faith    .   (no shield)
rNeg     + . .     Spirit   .   i - +0 leather armour
rPois    ∞         Reflect  .   (no helmet)
rElec    +         Harm     .   a - +2 cloak
rCorr    .         Rampage  .   (no gloves)
Will     .....                  (no boots)
Stlth    ++........             (no amulet)
HPRegen  0.09/turn              (no ring)
MPRegen  0.11/turn              (no ring)

@: no status effects
A: negative energy resistance 1, electricity resistance, unbreathing,
petrification resistance, miasma immunity, AC +4
a: no special abilities


You were on level 3 of the Dungeon.
You visited 1 branch of the dungeon, and saw 3 of its levels.

You collected 209 gold pieces.

Inventory:

Hand Weapons
 j - a +3 short sword of flaming (weapon)
Armour
 a - a +2 cloak (worn)
 i - a +0 leather armour (worn)
Jewellery
 v - an uncursed ring of fire {unknown}
 w - an uncursed ring of flight {unknown}
Scrolls
 b - a scroll of amnesia
 q - 2 scrolls of remove curse
 r - a scroll of identify
Potions
 c - a potion of heal wounds {unknown}
 f - a potion of attraction {unknown}
 g - 3 potions of invisibility {unknown}
 h - 2 potions of degeneration {unknown}
 m - a potion of haste {unknown}
 n - a potion of lignification {unknown}
 o - a potion of curing {unknown}
 p - 2 potions of brilliance {unknown}
 u - a potion of cancellation {unknown}


   Skills:
 - Level 1.5 Dodging
 - Level 2.1 Stealth
 + Level 2.8 Spellcasting
 * Level 3.7 Conjurations
 * Level 4.5 Fire Magic


You had 8 spell levels left.
You knew the following spells:

 Your Spells              Type           Power        Failure   Level
a - Foxfire               Conj/Fire      60%          4%          1

Your spell library contained the following spells:

 Spells                   Type           Power        Failure   Level
 Conjure Flame            Conj/Fire      15%          13%         3
 Inner Flame              Hex/Fire       9%           28%         3
 Sticky Flame             Conj/Fire      15%          41%         4
 Fireball                 Conj/Fire      7%           77%         5


Dungeon Overview and Level Annotations

Branches:
Dungeon (3/15)

Altars:
Uskayaw

Annotations:
D:3 Robin, Sigmund


Innate Abilities, Weirdness & Mutations

You are resistant to torment.
Your stone body is resilient. (AC +4)
You are immune to poison.
You resist negative energy. (rN+)
You are resistant to electric shocks. (rElec)
You can survive without breathing.
You are immune to petrification.
You are immune to miasma.


Message History

No target in view!
There is a strange disturbance nearby!
No target in view!
There is a strange disturbance nearby!
Found a purple potion.
Things that are here:
a +0 short sword; a kobold corpse A magic dart appears from out of thin air!
The magic dart hits you.
You take 5 damage, and have 23/28 hp.
Something hits you!
You take 8 damage, and have 15/28 hp.
MASSIVE DAMAGE!!
You puncture something! You burn something. You hit something but do no damage.
Something hits you!
* * * LOW HITPOINT WARNING * * *
You take 8 damage, and have 7/28 hp.
MASSIVE DAMAGE!!
Casting: Foxfire (safe; 4% risk of failure)
Confirm with . or Enter, or press ? or * to list all spells.
You conjure some foxfire!
Something hits you!
You die...

..#. ............. ....
.....#..##### #..
######.### #...
##...#...##
#...####.........##
####.....(...........#
......###)#v...v......#
#...#..v..#...........##
.......@.###.........##.
......{v..###...#.......
..........# ########....
..........# ##...
..........# ##..>
#..!#...#.. #....
###########. #.### #.
###<### #.....g


There were no monsters in sight!

Vanquished Creatures
  Jessica (D:2)
  Natasha (thrice) (D:2)
  3 adders
  3 worms (D:2)
  2 dart slugs (D:1)
  A leopard gecko (D:2)
  2 ball pythons
  5 giant cockroaches
  9 goblins
  7 hobgoblins
  4 kobolds
  A quokka (D:2)
  5 bats
  4 frilled lizards
  3 rats
53 creatures vanquished.

Vanquished Creatures (collateral kills)
  A foxfire (D:2)
1 creature vanquished.

Vanquished Creatures (others)
  148 foxfires
  5 plants (D:2)
153 creatures vanquished.

Grand Total: 207 creatures vanquished

Notes
Turn   | Place    | Note
-------+----------+-------------------------------------------
     0 | D:1      | kaeus the Gargoyle Fire Elementalist began the quest for
                  | the Orb.
     0 | D:1      | Reached XP level 1. HP: 10/10 MP: 3/3
   216 | D:1      | Reached XP level 2. HP: 15/15 MP: 0/5
  1345 | D:2      | Noticed a +0 dagger
  1367 | D:2      | Found a hide-covered altar of Uskayaw.
  1367 | D:2      | Noticed a +0 dagger
  1552 | D:2      | Reached XP level 3. HP: 19/19 MP: 4/6
  1737 | D:2      | Noticed Jessica
  1743 | D:2      | Killed Jessica
  1894 | D:2      | Reached XP level 4. HP: 24/24 MP: 2/7
  1894 | D:2      | Noticed Natasha
  1899 | D:2      | Killed Natasha
  2008 | D:2      | Reached skill level 4 in Fire Magic
  2781 | D:2      | Reached XP level 5. HP: 28/28 MP: 3/9
  2940 | D:2      | Noticed Natasha
  2945 | D:2      | Killed Natasha
  3643 | D:2      | Noticed Natasha
  3649 | D:2      | Killed Natasha
  3959 | D:3      | Noticed Robin
  4107 | D:3      | Noticed Sigmund
  4116 | D:3      | Slain by Sigmund

Illustrated notes

Levels and vault maps discovered:
D:1:      dpeg_arrival_orchard, layout_basic, minivault_19
D:2:      layout_basic, dancing_weapons_uskayaw, serial_forest,
          infiniplex_forest_end_2, infiniplex_forest_split,
          infiniplex_forest_clump_medium, infiniplex_forest_clump_diagonal,
          infiniplex_forest_lined_room_2, infiniplex_forest_end_3,
          infiniplex_forest_straight_3, infiniplex_forest_lined_2,
          minmay_worlds_worst_comb, uniq_natasha, uniq_jessica
D:3:      layout_rooms, old_standard_altar, minmay_between, uniq_robin,
          uniq_sigmund

Skill      XL: |  1  2  3  4 |
---------------+-------------+-----
Conjurations   | 2 3 |  3.7
Fire Magic     | 4 |  4.5
Dodging        | |  1.5
Stealth        | |  2.1
Spellcasting   | |  2.8

Action                   |  1- 3 |  4- 6 || total
-------------------------+-------+-------++-------
Melee: Club              |    16 |       ||    16
       Short sword       |    10 |    48 ||    58
 Cast: Foxfire           |    51 |    73 ||   124
  Use: Scroll            |       |     8 ||     8
 Stab: Sleeping          |     1 |       ||     1
Armor: Robe              |     5 |       ||     5
       Leather armour    |     2 |    15 ||    17
Dodge: Dodged            |     8 |    23 ||    31
